 Dungeon Crawl Stone Soup version 0.17.1-3-g152610e (webtiles) character file.

425 Metrazal the Covert (level 6, 0/30 HPs)
             Began as a Spriggan Assassin on Mar 6, 2016.
             Killed from afar by Terence (30 damage)
             ... with a rod of lightning
             ... on level 3 of the Dungeon.
             The game lasted 00:19:09 (3305 turns).

Metrazal the Covert (Spriggan Assassin)             Turns: 3305, Time: 00:19:09

Health: 0/30       AC:  3    Str: 10    XL:     6   Next: 64%
Magic:  7/7        EV: 21    Int: 13    God:
Gold:   155        SH:  0    Dex: 19    Spells: 0 memorised, 5 levels left

rFire  . . .     SeeInvis +     c - +0 hunting sling
rCold  . . .     Clarity  .     l - +0 robe
rNeg   . . .     SustAt   .     (shield restricted)
rPois  .         Gourm    .     (helmet restricted)
rElec  .         Spirit   .     d - +0 cloak
rCorr  .         Warding  .     (gloves unavailable)
rMut   .         Stasis   .     (boots unavailable)
MR     +....                    (no amulet)
Stlth  +++++.....               y - ring of invisibility
                                n - +3 ring of strength

@: very quick, somewhat resistant to hostile enchantments, quite stealthy
A: unfitting armour, see invisible, herbivore 3, speed 3, slow metabolism 2
a: Evoke Invisibility


You were on level 3 of the Dungeon.
You were not hungry.

You visited 1 branch of the dungeon, and saw 3 of its levels.

You collected 155 gold pieces.

Inventory:

Hand Weapons
 a - a +2 dagger of electrocution
 b - a +0 blowgun
 c - a +0 hunting sling (weapon)
Missiles
 e - 34 poisoned needles
 f - 2 curare-tipped needles
 h - 208 stones (quivered)
 i - 41 arrows
 m - 14 sling bullets
Armour
 d - a +0 cloak (worn)
 l - a +0 robe (worn)
Jewellery
 n - a +3 ring of strength (left hand)
 y - a ring of invisibility (right hand)
Scrolls
 k - a scroll of remove curse {unknown}
 q - 2 scrolls of blinking {unknown}
 r - a scroll of teleportation {unknown}
 s - a scroll of fog {unknown}
 u - a scroll of fear {unknown}
Potions
 j - a potion of agility {unknown}
 o - 2 potions of brilliance {unknown}
 p - a potion of flight {unknown}
 t - a potion of curing {unknown}
 v - a potion of cure mutation {unknown}
 w - a potion of might {unknown}
Comestibles
 g - 5 bread rations
 x - a royal jelly


   Skills:
 - Level 1.5 Fighting
 + Level 4.1 Short Blades
 + Level 3.9(4.2) Slings
 - Level 2.0(2.9) Throwing
 + Level 4.9 Dodging
 + Level 8.2 Stealth


You had 5 spell levels left.
You didn't know any spells.

Dungeon Overview and Level Annotations

Branches:
Dungeon (3/15)

Altars:

Annotations:
D:3 Terence


Innate Abilities, Weirdness & Mutations

You are tiny and cannot use many weapons and most armour.
You have supernaturally acute eyesight.
You are a herbivore.
You cover ground extremely quickly.
You need consume almost no food.


Message History

Aim: Terence, wielding a lightning rod and wearing a scale mail (lightly wounded, poisoned)
You shoot a poisoned needle. The poisoned needle hits Terence!
Terence looks even sicker.
Terence is lightly wounded.
Firing (i - inventory. (,) - cycle):
e - 35 poisoned needles (quivered)
Press: ? - help, Shift-Dir - straight line, f/p - Terence
Aim: Terence, wielding a lightning rod and wearing a scale mail (lightly wounded, poisoned)
You shoot a poisoned needle.
The poisoned needle barely misses Terence.
Wield which item (- for none, * to show all)? (? for menu, Esc to quit)
c - a +0 hunting sling (weapon)
Terence zaps a rod.
The lightning misses you.
Firing (i - inventory. (,) - cycle):
h - 209 stones (quivered)
Press: ? - help, Shift-Dir - straight line, f/p - Terence
Aim: Terence, wielding a lightning rod and wearing a scale mail (moderately wounded, poisoned)
You shoot a stone. The stone hits Terence.
Terence is moderately wounded.
Terence zaps a rod.
The lightning hits you!
Ouch! That really hurt!
You die...

#....## #...##.))
#####.# #### #..... ..##
##### ..# ###...###
###.# #........ #...#
#.......) #######@###
###...##. (........##
#######
.....@....##########....
.........†...........###
....(..%...########### #
...........# ###
...........# ####..
(..).......##### #.....
..........##...# ##.##..


You could see Terence.

Vanquished Creatures
  Sigmund (D:2)
  A gnoll shaman (D:3)
  Jessica (D:3)
  Natasha (thrice) (D:2)
  3 gnolls (D:3)
  Robin (D:2)
  5 adders
  5 worms
  2 giant geckos
  An orc (D:3)
  2 ball pythons
  8 bats
  4 giant cockroaches
  14 goblins
  10 hobgoblins
  7 kobolds
  A quokka (D:2)
  5 giant newts
  4 rats
78 creatures vanquished.

Notes
Turn   | Place    | Note
--------------------------------------------------------------
     0 | D:1      | Metrazal the Spriggan Assassin began the quest for the Orb.
     0 | D:1      | Reached XP level 1. HP: 10/10 MP: 2/2
    54 | D:1      | Reached skill level 6 in Stealth
   191 | D:1      | Reached XP level 2. HP: 14/14 MP: 3/3
   694 | D:2      | Reached skill level 1 in Slings
   770 | D:2      | Reached XP level 3. HP: 11/18 MP: 4/4
  1014 | D:2      | Noticed Sigmund
  1027 | D:2      | Killed Sigmund
  1027 | D:2      | Reached skill level 7 in Stealth
  1027 | D:2      | Reached XP level 4. HP: 20/22 MP: 5/5
  1027 | D:2      | Reached XP level 5. HP: 22/25 MP: 6/6
  1077 | D:2      | Noticed Natasha
  1081 | D:2      | Killed Natasha
  1119 | D:2      | Noticed Robin
  1122 | D:2      | Killed Robin
  1488 | D:2      | Reached XP level 6. HP: 28/30 MP: 7/7
  1610 | D:2      | Noticed Natasha
  1616 | D:2      | Killed Natasha
  2041 | D:2      | Noticed Natasha
  2052 | D:2      | Killed Natasha
  2369 | D:3      | Noticed Terence
  2499 | D:3      | Reached skill level 8 in Stealth
  3018 | D:3      | Noticed Jessica
  3020 | D:3      | Killed Jessica
  3305 | D:3      | Killed from afar by Terence

Action                   |  1- 3 |  4- 6 || total
-------------------------+-------+-------++-------
Melee: Dagger            |    41 |   117 ||   158
       Short sword       |     7 |       ||     7
 Fire: Blowgun           |       |    12 ||    12
       Hunting sling     |       |     3 ||     3
 Stab: Sleeping          |    17 |    14 ||    31
       Distracted        |       |     1 ||     1
